 Dungeon Crawl Stone Soup version 0.28.0-53-g5a82cb258f (webtiles) character file.

Game seed: 6414740903693463410

455 issech the Chopper (level 6, -4/56 HPs)
             Began as a Minotaur Monk on June 10, 2022.
             Slain by a gnoll sergeant
             ... wielding a +0 trident of venom
              (11 damage)
             ... on level 5 of the Dungeon.
             The game lasted 00:07:32 (3640 turns).

issech the Chopper (Minotaur Monk)                  Turns: 3640, Time: 00:07:32

Health: -4/56      AC:  6    Str: 16    XL:     6   Next: 76%
Magic:  5/5        EV: 12    Int:  7    God:
Gold:   236        SH:  0    Dex: 14    Spells: 5/5 levels left

rFire   . . .      SeeInvis .   i - +3 dagger (venom)
rCold   . . .      Faith    .   (no shield)
rNeg    . . .      Spirit   .   t - +0 ring mail
rPois   .          Reflect  .   (helmet restricted)
rElec   .          Harm     .   (no cloak)
rCorr   .          Rampage  .   u - +0 pair of gloves
Will    .....                   (no boots)
Stlth   ++........              p - amulet of magic regeneration
HPRegen 0.18/turn               (no ring)
MPRegen 0.49/turn               (no ring)

@: lethally poisoned (-4 -> -29)
A: horns 2, retaliatory headbutt
a: no special abilities


You were on level 5 of the Dungeon.
You visited 1 branch of the dungeon, and saw 5 of its levels.

You collected 236 gold pieces.

Inventory:

Hand Weapons
 a - a +0 hand axe
 i - a +3 dagger of venom (weapon)
 o - a +0 hunting sling
 q - a +1 dagger of venom
 r - a +1 trident of freezing
 s - a +0 war axe
Missiles
 d - 37 arrows
 e - 147 stones
 k - 6 boomerangs (quivered)
Armour
 t - a +0 ring mail (worn)
 u - a +0 pair of gloves (worn)
Jewellery
 p - an amulet of magic regeneration (around neck)
Scrolls
 b - a scroll of fog
 h - a scroll of summoning
 m - 2 scrolls of immolation
 n - 4 scrolls of teleportation
 v - 2 scrolls of brand weapon
 w - a scroll of torment {unknown}
Potions
 c - a potion of mutation {unknown}
 f - 6 potions of curing {unknown}
 j - a potion of heal wounds {unknown}
 l - a potion of berserk rage {unknown}


   Skills:
 + Level 5.0 Fighting
 + Level 2.9 Short Blades
 + Level 5.1 Axes
 + Level 0.4 Throwing
 + Level 2.0 Armour
 + Level 4.7 Dodging
 + Level 3.0 Stealth


You had 5 spell levels left.
You didn't know any spells.
Your spell library contained the following spells:

 Spells                   Type           Power      Damage    Failure   Level
 Animate Skeleton         Necr           0%         N/A       65%         1
 Pain                     Necr           0%         1d4       65%         1
 Portal Projectile        Hex/Tloc       0%         N/A       95%         3
 Stone Arrow              Conj/Erth      0%         3d7       95%         3
 Vampiric Draining        Necr           0%         2d6       95%         3
 Animate Armour           Summ/Erth      0%         N/A       100%        4
 Blade Hands              Tmut           0%         N/A       100%        5
 Excruciating Wounds      Necr           0%         N/A       100%        5
 Lehudib's Crystal Spear  Conj/Erth      0%         10d2      100%        8


Dungeon Overview and Level Annotations

Branches:
Dungeon (5/15)
 Temple: D:4-7

Altars:
Makhleb
Trog
Vehumet
Xom


Innate Abilities, Weirdness & Mutations

You have a pair of horns on your head.
You reflexively headbutt those who attack you in melee.


Message History

Found a stone staircase leading down.
A gnoll comes into view. It is wielding a +0 whip.
The gnoll shouts!
You hear an angry hiss.
You hear a shout!
A gnoll sergeant comes into view. It is wielding a +0 trident of venom.
The gnoll hits you with a +0 whip.
You hit the gnoll.
The gnoll is poisoned.
The gnoll is heavily wounded.
You closely miss the gnoll. You headbutt the gnoll.
You kill the gnoll!
Your Armour skill increases to level 2!
The gnoll sergeant hits you with a +0 trident of venom!
You are poisoned.
A gnoll comes into view. It is wielding a +0 spear.
Things that are here:
a +0 whip; a gnoll corpse You barely miss the gnoll sergeant.
You feel very sick.
The gnoll sergeant hits you but does no damage.
You are more poisoned.
The gnoll hits you from afar with a +0 spear!
You barely miss the gnoll sergeant.
You headbutt the gnoll sergeant, but do no damage.
You feel very sick.
The gnoll sergeant hits you with a +0 trident of venom!
You are lethally poisoned!
An adder comes into view.
The gnoll hits you but does no damage.
A gnoll comes into view. It is wielding a +0 spear.
You hit the gnoll sergeant.
The gnoll sergeant is moderately wounded.
You feel very sick.
The gnoll sergeant hits you with a +0 trident of venom.
* * * LOW HITPOINT WARNING * * *
You are more poisoned.
The gnoll hits you from afar with a +0 spear.
* * * LOW HITPOINT WARNING * * *
* * * LOW HITPOINT WARNING * * *
You feel very sick.
The gnoll sergeant hits you from afar with a +0 trident of venom!
You die...

###
####..#.........#
...
#.....###.####### ..
#.....# #.#
g.#.....# #.###
S#.....# #...# ⌠
g....######.# #♣.^
#g........#.##^≈_♣
#)#.# #.#.#≈#≈.^
#@#.# #.#.⌠≈≈#^_ #.
#.#.# #.#.#.^≈^^
#.>#
#.#.#####.#.##♣..^
#....#.#.......#.#
#≈
#........#..#.#####⌠
###.#.##.#..#.......
...####.#........#.
##### #.#..###.#.##
##########.#


You could see a gnoll sergeant and a gnoll.

Vanquished Creatures
  2 ogres (D:4)
  A scorpion (D:4)
  A water moccasin skeleton (D:4)
  A jelly (D:4)
  Jessica (D:2)
  3 adders
  A gnoll (D:5)
  An ufetubus (D:4)
  3 dart slugs
  6 orcs (D:3)
  7 endoplasms
  4 giant cockroaches
  3 goblins
  4 hobgoblins
  5 jackals (D:1)
  4 quokkas
  2 ball pythons
  5 bats
  4 frilled lizards
  8 kobolds
  A quokka skeleton (D:4)
  4 rats
71 creatures vanquished.

Vanquished Creatures (others)
  17 demonic plants (D:3)
  2 fungi (D:3)
  4 plants (D:3)
  8 withered plants (D:3)
31 creatures vanquished.

Grand Total: 102 creatures vanquished

Notes
Turn   | Place    | Note
-------+----------+-------------------------------------------
     0 | D:1      | issech the Minotaur Monk began the quest for the Orb.
     0 | D:1      | Reached XP level 1. HP: 19/19 MP: 0/0
   285 | D:1      | Reached XP level 2. HP: 24/27 MP: 1/1
   628 | D:1      | Reached XP level 3. HP: 33/33 MP: 2/2
   762 | D:2      | Noticed Jessica
   767 | D:2      | Killed Jessica
  1131 | D:2      | Reached XP level 4. HP: 40/41 MP: 3/3
  1533 | D:3      | Found a faded altar of an unknown god.
  1869 | D:3      | Reached skill level 5 in Axes
  2189 | D:3      | Found a radiant altar of Vehumet.
  2472 | D:3      | Found a burning altar of Makhleb.
  2660 | D:4      | Reached skill level 1 in Short Blades
  2660 | D:4      | Reached XP level 5. HP: 39/47 MP: 4/4
  2729 | D:4      | Found a bloodstained altar of Trog.
  2787 | D:4      | Reached skill level 1 in Armour
  2787 | D:4      | Reached XP level 6. HP: 44/55 MP: 5/5
  3073 | D:4      | Reached skill level 5 in Fighting
  3518 | D:5      | Entered Level 5 of the Dungeon
  3577 | D:5      | Found a shimmering altar of Xom.
  3579 | D:5      | Found a shimmering altar of Xom.
  3579 | D:5      | Found a shimmering altar of Xom.
  3580 | D:5      | Found a shimmering altar of Xom.
  3640 | D:5      | Slain by a gnoll sergeant

Illustrated notes

Levels and vault maps discovered:
D:1:      minmay_arrival_up_and_down, layout_rooms, minivault_11
D:2:      layout_loops_ring, uniq_jessica
D:3:      layout_loops_ring, mainiacjoe_overflow_cross_hatched,
          mainiacjoe_overflow_alcove_2, shapermc_ecumenical_altar_gd,
          minivault_14, st_stairs_13, minmay_liquid_box, due_unseen_surprise
D:4:      layout_cave_pools, lemuel_doored_altar, nicolae_overflow_hidden_temple
D:5:      layout_basic, lemuel_coloured_pillars_altar, xom_redecorated,
          minmay_temple_entry_oklob

Skill      XL: |  1  2  3  4  5  6 |
---------------+-------------------+-----
Axes           | 4 5 |  5.1
Fighting       | 4 5 |  5.0
Dodging        | 4 |  4.7
Stealth        | 2 3 |  3.0
Short Blades   | 1 2 |  2.9
Armour         | 1 2 |  2.0
Throwing       | |  0.4

Action                   |  1- 3 |  4- 6 || total
-------------------------+-------+-------++-------
Melee: Hand axe          |    63 |       ||    63
       Headbutt          |    11 |    26 ||    37
       Dagger            |    15 |   102 ||   117
       Punch             |       |     4 ||     4
Throw: Boomerang         |       |     5 ||     5
  Use: Scroll            |       |     5 ||     5
 Stab: Sleeping          |     3 |     2 ||     5
Armor: Robe              |    12 |     4 ||    16
       Ring mail         |       |    13 ||    13
Dodge: Dodged            |    51 |    42 ||    93
